 Dungeon Crawl Stone Soup version 0.28-a0-199-g298df9dbad (webtiles) character file.

Game seed: 1433619326872492466

832 timneilson the Shield-Bearer (level 7, -15/44 HPs)
             Began as a Gargoyle Fighter on Aug 19, 2021.
             Was an Initiate of Okawaru.
             Killed from afar by a steam dragon (19 damage)
             ... with a ball of steam
             ... on level 5 of the Dungeon.
             The game lasted 00:07:08 (4566 turns).

timneilson the Shield-Bearer (Gargoyle Fighter)     Turns: 4566, Time: 00:07:09

Health: -15/44     AC: 16    Str: 21 (22) XL:     7   Next: 98%
Magic:  7/7        EV:  6    Int:  5 (8)  God:    Okawaru [......]
Gold:   222        SH: 14    Dex:  9      Spells: 6/6 levels left

rFire   . . .      SeeInvis .   a - +1 long sword
rCold   . . .      Faith    .   c - +0 kite shield
rNeg    + . .      Spirit   .   e - +0 chain mail
rPois   ∞          Reflect  +   (no helmet)
rElec   +          Harm     .   h - +0 cloak
rCorr   .          Rampage  .   (no gloves)
Will    .....                   (no boots)
Stlth   ..........              d - amulet of reflection
HPRegen 0.14/turn               (no ring)
MPRegen 0.10/turn               (no ring)

@: no status effects
A: sickness immunity, AC +4, negative energy resistance 1, electricity
resistance, torment resistance 1, petrification resistance
a: Renounce Religion


You were on level 5 of the Dungeon.
You worshipped Okawaru.
Okawaru was noncommittal.
You visited 2 branches of the dungeon, and saw 6 of its levels.

You collected 222 gold pieces.

Inventory:

Hand Weapons
 a - a +1 long sword (weapon)
Armour
 c - a +0 kite shield (worn)
 e - a +0 chain mail (worn)
 h - a +0 cloak (worn)
Jewellery
 d - an amulet of reflection (around neck)
 l - an amulet of regeneration
Scrolls
 b - 3 scrolls of identify
 g - 2 scrolls of teleportation
 i - a scroll of enchant weapon
Potions
 f - a potion of flight
 j - 2 potions of cancellation
 m - a potion of degeneration
 n - a potion of curing {unknown}
 o - a potion of attraction {unknown}


   Skills:
 + Level 4.7 Fighting
 * Level 4.5 Long Blades
 * Level 6.0 Armour
 * Level 6.0 Shields
 + Level 0.5 Invocations


You had 6 spell levels left.
You didn't know any spells.
Your spell library was empty.

Dungeon Overview and Level Annotations

Branches:
Dungeon (5/15)             Temple (1/1) D:5

Altars:
Ashenzari
Cheibriados
Dithmenos
Elyvilon
Fedhas
Gozag
Hepliaklqana
Kikubaaqudgha
Makhleb
Nemelex Xobeh
Okawaru
Qazlal
Ru
Sif Muna
Trog
Uskayaw
Vehumet
Wu Jian
Xom
Yredelemnul
Zin
The Shining One
Beogh

Shops:
D:1 =   D:4 !*   D:5 *

Annotations:
D:3 3 runed translucent doors, GameKiller's ghost, amateur DsDe
D:5 2 transporters, BonemanJones's ghost, amateur MiBe


Innate Abilities, Weirdness & Mutations

You are immune to sickness and miasma.
Your stone body is resilient. (AC +4)
You are immune to poison.
You resist negative energy. (rN+)
You are resistant to electric shocks. (rElec)
You are resistant to unholy torment.
You are immune to petrification.


Message History

You block the steam dragon's attack.
The steam dragon claws you but does no damage.
You slash the steam dragon!
The steam dragon is moderately wounded.
You are engulfed in a cloud of scalding steam.
You block the steam dragon's attack.
The steam dragon claws you but does no damage.
You slash the steam dragon!
The steam dragon is heavily wounded.
You are engulfed in a cloud of scalding steam.
The steam dragon barely misses you. You block the steam dragon's attack.
You hit the steam dragon but do no damage.
The steam dragon is heavily wounded.
The steam dragon barely misses you.
The steam dragon claws you but does no damage.
The steam dragon bites you. You block the steam dragon's attack.
You are too injured to fight recklessly!
You are too injured to fight recklessly!
You are too injured to fight recklessly!
You are too injured to fight recklessly!
You are too injured to fight recklessly!
You are too injured to fight recklessly!
You are too injured to fight recklessly!
You are too injured to fight recklessly!
You are too injured to fight recklessly!
You are too injured to fight recklessly!
You closely miss the steam dragon.
The steam dragon is heavily wounded.
The steam dragon breathes steam at you. The ball of steam hits you!
* * * LOW HITPOINT WARNING * * *
You hit the steam dragon but do no damage.
The steam dragon is heavily wounded.
You are engulfed in a cloud of scalding steam.
* * * LOW HITPOINT WARNING * * *
You block the steam dragon's attack. x2
Unknown command.
The steam dragon breathes steam at you. The ball of steam hits you!!
You die...

# ## ####### . .. .....
# #. .... # #### #.
#..#.# ...#
##.###..#.####
##.########..<.D@......#
..........(..###§.#.##.#
.................§...>.#
##.##########.##..###..#
#.# #.##..###..### #.#
#.##.......... #.##
#.##..###..### ##..#
#.##..# #..# .##.##
#.##..# #..#


You could see a steam dragon (catching breath).

Vanquished Creatures
  Duvessa (D:5)
  A centaur (D:5)
  An ogre (D:4)
  A phantom (D:5)
  A scorpion (D:5)
  Dowan (D:5)
  3 orc priests
  A hound (D:5)
  A centaur skeleton (D:4)
  Crazy Yiuf (D:4)
  An iguana (D:5)
  An orc wizard (D:5)
  A hound zombie (D:5)
  2 adders
  An ufetubus (D:5)
  3 worms
  14 orcs
  7 ball pythons
  4 bats
  4 endoplasms
  A giant cockroach (D:1)
  3 goblins
  7 hobgoblins
  3 jackals (D:2)
  4 quokkas
  4 frilled lizards
  8 kobolds
  5 rats
85 creatures vanquished.

Notes
Turn   | Place    | Note
-------+----------+-------------------------------------------
     0 | D:1      | timneilson the Gargoyle Fighter began the quest for the
                  | Orb.
     0 | D:1      | Reached XP level 1. HP: 14/14 MP: 1/1
    80 | D:1      | Found Coaseuqorph's Jewellery Boutique.
   499 | D:1      | Reached XP level 2. HP: 19/19 MP: 2/2
  1473 | D:2      | Reached XP level 3. HP: 21/23 MP: 3/3
  2531 | D:3      | Found a runed translucent gate.
  2532 | D:3      | Found a runed translucent gate.
  2532 | D:3      | Found a runed translucent gate.
  2536 | D:3      | Reached XP level 4. HP: 28/28 MP: 4/4
  2536 | D:3      | Identified the +5 scale mail "Cottyuku" {Harm}
  2536 | D:3      | Noticed GameKiller's ghost (amateur DsDe)
  3028 | D:4      | Reached XP level 5. HP: 33/33 MP: 5/5
  3137 | D:4      | Found a hide-covered altar of Uskayaw.
  3361 | D:4      | Found a runed translucent door.
  3362 | D:4      | Noticed Crazy Yiuf
  3372 | D:4      | Killed Crazy Yiuf
  3408 | D:4      | Found Qasecauh's Distillery.
  3535 | D:4      | Found Oshriath's General Store.
  3538 | D:4      | Noticed an ogre
  3545 | D:4      | Killed an ogre
  3546 | D:4      | Reached XP level 6. HP: 14/38 MP: 6/6
  3750 | D:5      | Entered Level 5 of the Dungeon
  3774 | D:5      | Reached skill level 5 in Armour
  3774 | D:5      | Reached skill level 5 in Shields
  3793 | D:5      | Found Tykenwuc's Gadget Gallery.
  3803 | D:5      | Noticed Dowan
  3803 | D:5      | Noticed Duvessa
  3814 | D:5      | Killed Duvessa
  3815 | D:5      | Reached XP level 7. HP: 31/44 MP: 7/7
  3816 | D:5      | Killed Dowan
  3835 | D:5      | Found an ancient bone altar of Kikubaaqudgha.
  3836 | D:5      | Found a shimmering altar of Xom.
  3847 | D:5      | Found a sparkling altar of Nemelex Xobeh.
  3851 | D:5      | Found a burning altar of Makhleb.
  3851 | D:5      | Found an iron altar of Okawaru.
  3860 | D:5      | Became a worshipper of Warmaster Okawaru
  3907 | D:5      | Found a staircase to the Ecumenical Temple.
  3930 | Temple   | Entered the Ecumenical Temple
  4141 | D:5      | Noticed BonemanJones's ghost (amateur MiBe)
  4148 | D:5      | Noticed a hornet
  4203 | D:5      | Found a transporter.
  4207 | D:5      | Found a transporter.
  4557 | D:5      | Noticed a steam dragon
  4566 | D:5      | Killed from afar by a steam dragon

Illustrated notes

Levels and vault maps discovered:
D:1:      scummos_arrival_simple_crosswalls, layout_basic, serial_shops, shop,
          minmay_door_square
D:2:      layout_loops_corners
D:3:      layout_loops_cross, biasface_ghost_orc_armoury, roderic_roman_lattice,
          minmay_fountain_box
D:4:      layout_basic, nicolae_uskayaw_murder_on_the_dancefloor, serial_shops,
          nicolae_diamond_shop, nicolae_shop_statue_plus, grunt_ministairs_14,
          uniq_crazy_yiuf_cottage
D:5:      layout_loops_ring, grunt_temple_overflow_open,
          minmay_temple_entry_hall, gammafunk_ghost_hive, nicolae_shop_gadgets,
          uniq_duvessa
Temple:   eino_temple_scatter_basement

Skill      XL: |  1  2  3  4  5  6  7 |
---------------+----------------------+-----
Long Blades    | 2 3 4 |  4.5
Armour         | 4 5 6 |  6.0
Shields        | 4 5 6 |  6.0
Fighting       | 4 |  4.7
Invocations    | |  0.5

Action                   |  1- 3 |  4- 6 |  7- 9 || total
-------------------------+-------+-------+-------++-------
Melee: Long sword        |   100 |   124 |    64 ||   288
  Use: Scroll            |     7 |     2 |       ||     9
       Potion            |       |     2 |     3 ||     5
Armor: Scale mail        |    64 |    29 |       ||    93
       Chain mail        |       |    34 |    47 ||    81
Dodge: Dodged            |    42 |    32 |    12 ||    86
Block: Kite shield       |    57 |    49 |    27 ||   133
       Rpst.: Long sword |    15 |    10 |     3 ||    28

Table legend: (Time is in decaauts)
 A = Elapsed time spent in this place.
 B = Non-inter-level travel time spent in this place.
 C = Inter-level travel time spent in this place.
 D = Time resting spent in this place.
 E = Time spent auto-exploring this place.
 F = Levels seen in this place.
 G = Mean time per level.
                   A        B        C        D        E       F      G
               +--------+--------+--------+--------+--------+-----+--------+
         Total |   4680 |   4568 |    112 |      0 |   3796 |   6 |  780.0 |
       Dungeon |   4505 |   4411 |     94 |      0 |   3641 |   5 |  901.0 |
        Temple |    174 |    156 |     18 |      0 |    155 |   1 |  174.0 |
               +--------+--------+--------+--------+--------+-----+--------+

Top non-repeatable levels by time:
     D:1: 1471 daAuts
     D:2: 888 daAuts
     D:4: 795 daAuts
     D:3: 691 daAuts
     D:5: 658 daAuts
  Temple: 174 daAuts
